| TOP OF THE 1ST |
|
Birmingham Barons batting - Pitching for Corpus Christi Hooks : RHP Andy Harrigan
|
|
Pitching: RHP Andy Harrigan
|
|
|
Batting: RHB Danny Heikkila
|
0-0: SINGLE (Groundball, 6MD, EV 95.6 MPH)
|
|
Batting: SHB Veit Geisler
|
0-0: Ball 1-0: Called Strike 1-1: Swinging Strike 1-2: Foul Ball, location: 2F 1-2: Foul Ball, location: 2F 1-2: Strikes out swinging
|
|
Batting: SHB Ruben Velasco Jr.
|
0-0: Called Strike 0-1: Ball 1-1: Foul Ball, location: 2F 1-2: Ball 2-2: Foul Ball, location: 2F 2-2: SINGLE (Groundball, 34D, EV 100.0 MPH) (infield hit) Danny Heikkila to second
|
|
Batting: LHB Carlos Ramirez
|
0-0: Called Strike 0-1: Swinging Strike 0-2: Ball 1-2: Ball 2-2: Ball 3-2: Foul Ball, location: 2F 3-2: Strikes out swinging
|
|
Batting: RHB Vic Lucatero
|
0-0: Called Strike 0-1: Foul Ball, location: 2F 0-2: Ball 1-2: Fly out, F8 (Line Drive, 8RM, EV 96.9 MPH)
|
| Top of the 1st over - 0 runs, 2 hits, 0 errors, 2 left on base; Birmingham 0 - Corpus Christi 0 |
| BOTTOM OF THE 1ST |
|
Corpus Christi Hooks batting - Pitching for Birmingham Barons : RHP Cortez Laris
|
|
Pitching: RHP Cortez Laris
|
|
|
Batting: LHB Jose Chavez
|
0-0: Swinging Strike 0-1: Ball 1-1: Swinging Strike 1-2: Ball 2-2: Ball 3-2: Strikes out swinging
|
|
Batting: RHB Yi-lin Niu
|
0-0: Fly out, F9 (Flyball, 89XD, EV 100.6 MPH)
|
|
Batting: LHB Bob Dietz
|
0-0: Called Strike 0-1: Ground out U3 (Groundball, 3S, EV 82.5 MPH)
|
| Bottom of the 1st over - 0 runs, 0 hits, 0 errors, 0 left on base; Birmingham 0 - Corpus Christi 0 |
| TOP OF THE 2ND |
|
Birmingham Barons batting - Pitching for Corpus Christi Hooks : RHP Andy Harrigan
|
|
Batting: LHB Jason Bell
|
0-0: Ball 1-0: Ball 2-0: Fly out, F1 (Line Drive, P, EV 65.6 MPH)
|
|
Batting: SHB Matt Childers
|
0-0: Ball 1-0: Ball 2-0: Ball 3-0: Called Strike 3-1: Ground out 1-3 (Groundball, 34S, EV 66.9 MPH)
|
|
Batting: LHB Matt Hyde
|
0-0: Ball 1-0: Foul Ball, location: 2F 1-1: Ball 2-1: Ball 3-1: SINGLE (Groundball, 5L, EV 101.9 MPH) (infield hit)
|
|
Batting: RHB Jose Medina
|
0-0: Called Strike 0-1: Ball 1-1: Foul Ball, location: 2F 1-2: Strikes out looking
|
| Top of the 2nd over - 0 runs, 1 hit, 0 errors, 1 left on base; Birmingham 0 - Corpus Christi 0 |
| BOTTOM OF THE 2ND |
|
Corpus Christi Hooks batting - Pitching for Birmingham Barons : RHP Cortez Laris
|
|
Batting: RHB Masaru Konno
|
0-0: Called Strike 0-1: Ball 1-1: Ball 2-1: Ball 3-1: Fly out, F7 (Flyball, 7D, EV 103.1 MPH)
|
|
Batting: RHB Duncan Collins
|
0-0: Ball 1-0: Ball 2-0: SINGLE (Groundball, 4MD, EV 109.4 MPH)
|
|
Batting: RHB Alex Campos
|
0-0: Called Strike 0-1: Ball 1-1: Called Strike 1-2: Foul Ball, location: 2F 1-2: Ball 2-2: Foul Ball, location: 2F 2-2: Ball 3-2: SINGLE (Flyball, 9S, EV 91.9 MPH) Duncan Collins to second
|
|
Batting: RHB Cameron Rattenbury
|
0-0: Ball 1-0: Ball 2-0: Ball 3-0: Called Strike 3-1: Grounds into double play, 5-4-3 (Groundball, 56S, EV 83.1 MPH)
|
| Bottom of the 2nd over - 0 runs, 2 hits, 0 errors, 1 left on base; Birmingham 0 - Corpus Christi 0 |
| TOP OF THE 3RD |
|
Birmingham Barons batting - Pitching for Corpus Christi Hooks : RHP Andy Harrigan
|
|
Batting: RHB Danny Heikkila
|
0-0: Called Strike 0-1: Ball 1-1: Called Strike 1-2: Foul Ball, location: 2F 1-2: Foul Ball, location: 2F 1-2: Ground out 6-3 (Groundball, 6, EV 88.8 MPH)
|
|
Batting: SHB Veit Geisler
|
0-0: Ball 1-0: Foul Ball, location: 2F 1-1: Called Strike 1-2: Strikes out swinging
|
|
Batting: SHB Ruben Velasco Jr.
|
0-0: Ball 1-0: Foul Ball, location: 2F 1-1: Foul Ball, location: 2F 1-2: Ball 2-2: Foul Ball, location: 2F 2-2: Foul Ball, location: 2F 2-2: Ground out 4-3 (Groundball, 4, EV 110.6 MPH)
|
| Top of the 3rd over - 0 runs, 0 hits, 0 errors, 0 left on base; Birmingham 0 - Corpus Christi 0 |
| BOTTOM OF THE 3RD |
|
Corpus Christi Hooks batting - Pitching for Birmingham Barons : RHP Cortez Laris
|
|
Batting: RHB Dustin Hartman
|
0-0: Reached on error, E5 (Groundball, 56, EV 106.2 MPH)
|
|
Batting: RHB Dave Gallegos
|
0-0: Ball 1-0: Ball 2-0: Fielders Choice at 2nd, 5-4 (Groundball, 5D, EV 94.4 MPH)
|
|
Batting: LHB Jose Chavez
|
0-0: Ball Wild Pitch! Dave Gallegos to second 1-0: Fly out, F8 (Flyball, 8LM, EV 93.1 MPH)
|
|
Batting: RHB Yi-lin Niu
|
0-0: Ball 1-0: Ground out 4-3 (Groundball, 4, EV 79.4 MPH)
|
| Bottom of the 3rd over - 0 runs, 0 hits, 1 error, 1 left on base; Birmingham 0 - Corpus Christi 0 |
| TOP OF THE 4TH |
|
Birmingham Barons batting - Pitching for Corpus Christi Hooks : RHP Andy Harrigan
|
|
Batting: LHB Carlos Ramirez
|
0-0: Called Strike 0-1: Ball 1-1: Ball 2-1: Fly out, F7 (Flyball, 78M, EV 71.9 MPH)
|
|
Batting: RHB Vic Lucatero
|
0-0: Called Strike 0-1: Ball 1-1: Foul Ball, location: 2F 1-2: Strikes out swinging
|
|
Batting: LHB Jason Bell
|
0-0: Foul Ball, location: 2F 0-1: Foul Ball, location: 2F 0-2: Foul Ball, location: 2F 0-2: Ball 1-2: Fly out, F4 (Line Drive, 3D, EV 106.2 MPH)
|
| Top of the 4th over - 0 runs, 0 hits, 0 errors, 0 left on base; Birmingham 0 - Corpus Christi 0 |
| BOTTOM OF THE 4TH |
|
Corpus Christi Hooks batting - Pitching for Birmingham Barons : RHP Cortez Laris
|
|
Batting: LHB Bob Dietz
|
0-0: Ground out 6-3 (Groundball, 6, EV 101.2 MPH)
|
|
Batting: RHB Masaru Konno
|
0-0: Ball 1-0: SINGLE (Groundball, 56D, EV 107.5 MPH)
|
|
Batting: RHB Duncan Collins
|
0-0: Ball 1-0: Called Strike 1-1: Ball 2-1: Foul Ball, location: 2F 2-2: Foul Ball, location: 2F 2-2: Fly out, F6 (Flyball, 56D, EV 86.9 MPH)
|
|
Batting: RHB Alex Campos
|
0-0: Ball Masaru Konno steals 2nd base 1-0: Ball 2-0: Called Strike 2-1: Foul Ball, location: 2F 2-2: Fly out, F8 (Line Drive, 8RD, EV 96.2 MPH)
|
| Bottom of the 4th over - 0 runs, 1 hit, 0 errors, 1 left on base; Birmingham 0 - Corpus Christi 0 |
| TOP OF THE 5TH |
|
Birmingham Barons batting - Pitching for Corpus Christi Hooks : RHP Andy Harrigan
|
|
Batting: SHB Matt Childers
|
0-0: Ball 1-0: Swinging Strike 1-1: Ball 2-1: Called Strike 2-2: Ball 3-2: Base on Balls
|
|
Batting: LHB Matt Hyde
|
0-0: Called Strike 0-1: Ball 1-1: Reached on error, E6 (Groundball, 6, EV 103.8 MPH) Matt Childers to second
|
|
Batting: RHB Jose Medina
|
0-0: Ball 1-0: Foul Ball, location: 2F 1-1: Swinging Strike 1-2: Ball 2-2: Foul Ball, location: 2F 2-2: Strikes out swinging
|
|
Batting: RHB Danny Heikkila
|
0-0: Called Strike 0-1: Ball 1-1: Called Strike 1-2: Strikes out swinging
|
|
Batting: SHB Veit Geisler
|
0-0: Foul Ball, location: 2F 0-1: Ball 1-1: Foul Ball, location: 2F 1-2: Strikes out looking
|
| Top of the 5th over - 0 runs, 0 hits, 1 error, 2 left on base; Birmingham 0 - Corpus Christi 0 |
| BOTTOM OF THE 5TH |
|
Corpus Christi Hooks batting - Pitching for Birmingham Barons : RHP Cortez Laris
|
|
Batting: RHB Cameron Rattenbury
|
0-0: Called Strike 0-1: Foul Ball, location: 2F 0-2: Strikes out swinging
|
|
Batting: RHB Dustin Hartman
|
0-0: Ball 1-0: Ground out 6-3 (Groundball, 6, EV 101.9 MPH)
|
|
Batting: RHB Dave Gallegos
|
0-0: Foul Ball, location: 2F 0-1: Ground out 5-3 (Groundball, 15, EV 85.0 MPH)
|
| Bottom of the 5th over - 0 runs, 0 hits, 0 errors, 0 left on base; Birmingham 0 - Corpus Christi 0 |
| TOP OF THE 6TH |
|
Birmingham Barons batting - Pitching for Corpus Christi Hooks : RHP Andy Harrigan
|
|
Batting: SHB Ruben Velasco Jr.
|
0-0: Foul Ball, location: 2F 0-1: Ball 1-1: Ball 2-1: Swinging Strike 2-2: Ball 3-2: Ground out U3 (Groundball, 3, EV 107.5 MPH)
|
|
Batting: LHB Carlos Ramirez
|
0-0: Ball 1-0: Ball 2-0: Ball 3-0: Base on Balls
|
|
Batting: RHB Vic Lucatero
|
0-0: Fielders Choice at 2nd, 1-4 (Groundball, 15S, EV 61.2 MPH)
|
|
Batting: LHB Jason Bell
|
0-0: Ball 1-0: Foul Ball, location: 2F 1-1: Swinging Strike 1-2: SINGLE (Groundball, 6MD, EV 101.9 MPH) Vic Lucatero to second Runner from 2nd tries for 3rd, SAFE, throw by CF made to third
|
|
Batting: SHB Matt Childers
|
0-0: Ball 1-0: Ground out 4-3 (Groundball, 34D, EV 86.9 MPH)
|
| Top of the 6th over - 0 runs, 1 hit, 0 errors, 2 left on base; Birmingham 0 - Corpus Christi 0 |
| BOTTOM OF THE 6TH |
|
Corpus Christi Hooks batting - Pitching for Birmingham Barons : RHP Cortez Laris
|
|
Batting: LHB Jose Chavez
|
0-0: Ball 1-0: SINGLE (Groundball, 34D, EV 96.2 MPH)
|
|
Batting: RHB Yi-lin Niu
|
0-0: Called Strike Jose Chavez steals 2nd base (no throw) 0-1: Foul Ball, location: 2F 0-2: Ball 1-2: Ball 2-2: Foul Ball, location: 2F 2-2: Ball Wild Pitch! Jose Chavez to third 3-2: Strikes out swinging
|
|
Batting: LHB Bob Dietz
|
0-0: Intentional Walk
|
|
Batting: RHB Masaru Konno
|
0-0: Called Strike Bob Dietz steals 2nd base 0-1: Ball 1-1: Fly out, F9 (Flyball, 9D, EV 88.1 MPH)
|
|
Batting: RHB Duncan Collins
|
0-0: Swinging Strike 0-1: Ball 1-1: SINGLE (Line Drive, 8RS, EV 105.6 MPH) Jose Chavez scores Bob Dietz to third Runner from 3rd tries for Home, SAFE, throw by CF to home
|
|
Batting: RHB Alex Campos
|
0-0: Called Strike 0-1: Foul Ball, location: 2F 0-2: Strikes out swinging
|
| Bottom of the 6th over - 2 runs, 2 hits, 0 errors, 1 left on base; Birmingham 0 - Corpus Christi 2 |
| TOP OF THE 7TH |
|
Birmingham Barons batting - Pitching for Corpus Christi Hooks : RHP Andy Harrigan
|
|
Batting: LHB Matt Hyde
|
0-0: Called Strike 0-1: Ball 1-1: Ball 2-1: Foul Ball, location: 2F 2-2: SINGLE (Groundball, 34D, EV 100.0 MPH)
|
|
Batting: RHB Jose Medina
|
0-0: Foul Ball, location: 2F 0-1: Fielders Choice at 2nd, 6-4 (Groundball, 6S, EV 85.6 MPH)
|
|
Pinch Hitting: LHB Dalton Silveira
|
0-0: Ball 1-0: Ball 2-0: Called Strike 2-1: Swinging Strike 2-2: Foul Ball, location: 2F 2-2: Grounds into double play, 4-6-3 (Groundball, 4S, EV 83.1 MPH)
|
| Top of the 7th over - 0 runs, 1 hit, 0 errors, 0 left on base; Birmingham 0 - Corpus Christi 2 |
| BOTTOM OF THE 7TH |
|
Corpus Christi Hooks batting - Pitching for Birmingham Barons : RHP Cortez Laris
|
|
Now at 2B: Dalton Silveira
|
|
|
Batting: RHB Cameron Rattenbury
|
0-0: Ball 1-0: Ball 2-0: Ball 3-0: Called Strike 3-1: Called Strike 3-2: Ground out 1-3 (Groundball, 13S, EV 67.5 MPH)
|
|
Batting: RHB Dustin Hartman
|
0-0: Ball 1-0: Ground out 4-3 (Groundball, 4, EV 86.9 MPH)
|
|
Batting: RHB Dave Gallegos
|
0-0: DOUBLE (Line Drive, 7LM, EV 95.0 MPH)
|
|
Batting: LHB Jose Chavez
|
0-0: Ball 1-0: Called Strike 1-1: Swinging Strike 1-2: Foul Ball, location: 2F 1-2: Fly out, F7 (Flyball, 7, EV 89.4 MPH)
|
| Bottom of the 7th over - 0 runs, 1 hit, 0 errors, 1 left on base; Birmingham 0 - Corpus Christi 2 |
| TOP OF THE 8TH |
|
Birmingham Barons batting - Pitching for Corpus Christi Hooks : RHP Andy Harrigan
|
|
Pitching: RHP Bill Couch
|
|
|
Batting: SHB Veit Geisler
|
0-0: Foul Ball, location: 2F 0-1: Ball 1-1: Fly out, F5 (Popup, 25F, EV 91.9 MPH)
|
|
Batting: SHB Ruben Velasco Jr.
|
0-0: Called Strike 0-1: Ball 1-1: Swinging Strike 1-2: Ball 2-2: Foul Ball, location: 2F 2-2: Foul Ball, location: 2F 2-2: SOLO HOME RUN (Flyball, 7LD, EV 92.5 MPH), Distance : 323 ft
|
|
Batting: LHB Carlos Ramirez
|
0-0: Ball 1-0: Called Strike 1-1: DOUBLE (Groundball, 5L, EV 106.2 MPH)
|
|
Pinch Hitting: LHB Joe Kirkland
|
0-0: Ground out 4-3 (Groundball, 4, EV 82.5 MPH) Carlos Ramirez to third
|
|
Batting: LHB Jason Bell
|
0-0: Called Strike 0-1: Foul Ball, location: 2F 0-2: Ball 1-2: Foul Ball, location: 2F 1-2: Strikes out swinging
|
| Top of the 8th over - 1 run, 2 hits, 0 errors, 1 left on base; Birmingham 1 - Corpus Christi 2 |
| BOTTOM OF THE 8TH |
|
Corpus Christi Hooks batting - Pitching for Birmingham Barons : RHP Cortez Laris
|
|
Pitching: RHP Nate Myers
|
|
|
Now in LF: Matt Hyde
|
|
|
Now in CF: Ruben Velasco Jr.
|
|
|
Now in RF: Joe Kirkland
|
|
|
Batting: RHB Yi-lin Niu
|
0-0: Called Strike 0-1: Called Strike 0-2: Ball 1-2: Fly out, F5 (Popup, 25, EV 86.9 MPH)
|
|
Batting: LHB Bob Dietz
|
0-0: Ball 1-0: Foul Ball, location: 2F 1-1: Called Strike 1-2: Foul Ball, location: 2F 1-2: Strikes out swinging
|
|
Batting: RHB Masaru Konno
|
0-0: Called Strike 0-1: Fly out, F4 (Line Drive, 4, EV 65.0 MPH)
|
| Bottom of the 8th over - 0 runs, 0 hits, 0 errors, 0 left on base; Birmingham 1 - Corpus Christi 2 |
| TOP OF THE 9TH |
|
Birmingham Barons batting - Pitching for Corpus Christi Hooks : RHP Bill Couch
|
|
Pitching: RHP Bobby Leija
|
|
|
Now at 1B: Sean Mounts
|
|
|
Batting: SHB Matt Childers
|
0-0: Ball 1-0: Called Strike 1-1: Foul Ball, location: 2F 1-2: Ground out 4-3 (Groundball, 34, EV 85.6 MPH)
|
|
Batting: LHB Matt Hyde
|
0-0: Called Strike 0-1: Foul Ball, location: 2F 0-2: Strikes out looking
|
|
Pinch Hitting: LHB Herkko Haavikko
|
0-0: Ball 1-0: Called Strike 1-1: Called Strike 1-2: SOLO HOME RUN (Flyball, 9D, EV 96.2 MPH), Distance : 370 ft
|
|
Batting: LHB Dalton Silveira
|
0-0: SINGLE (Groundball, 4, EV 101.9 MPH)
|
|
Batting: SHB Veit Geisler
|
Pickoff Play to 1st, Runner tries for 2nd, OUT after rundown.
|
| Top of the 9th over - 1 run, 2 hits, 0 errors, 0 left on base; Birmingham 2 - Corpus Christi 2 |
| BOTTOM OF THE 9TH |
|
Corpus Christi Hooks batting - Pitching for Birmingham Barons : RHP Nate Myers
|
|
Pitching: LHP Amari Miller
|
|
|
Now at C: Trevor Conklin
|
|
|
Batting: RHB Duncan Collins
|
0-0: Called Strike 0-1: Foul Ball, location: 2F 0-2: Strikes out swinging
|
|
Batting: RHB Alex Campos
|
0-0: Ball 1-0: Ball 2-0: Fly out, F9 (Flyball, 9, EV 85.6 MPH)
|
|
Batting: RHB Cameron Rattenbury
|
0-0: SINGLE (Groundball, 6MS, EV 66.2 MPH) (infield hit)
|
|
Batting: RHB Dustin Hartman
|
0-0: Ball Cameron Rattenbury is caught stealing 2nd base 2-4
|
| Bottom of the 9th over - 0 runs, 1 hit, 0 errors, 0 left on base; Birmingham 2 - Corpus Christi 2 |
| TOP OF THE 10TH |
|
Birmingham Barons batting - Pitching for Corpus Christi Hooks : RHP Bobby Leija
|
|
Batting: SHB Veit Geisler
|
0-0: Ball 1-0: Ball 2-0: Ground out 4-3 (Groundball, 4, EV 85.6 MPH)
|
|
Batting: SHB Ruben Velasco Jr.
|
0-0: Foul Ball, location: 2F 0-1: Called Strike 0-2: Ball 1-2: Foul Ball, location: 2F 1-2: Ball 2-2: Ball 3-2: Ground out 5-3 (Groundball, 56S, EV 65.6 MPH)
|
|
Batting: LHB Carlos Ramirez
|
0-0: Ball 1-0: Called Strike 1-1: Foul Ball, location: 2F 1-2: Ball 2-2: Ball 3-2: Base on Balls
|
|
Batting: LHB Joe Kirkland
|
0-0: Swinging Strike 0-1: Ball 1-1: 2-RUN HOME RUN (Flyball, 89XD, EV 98.8 MPH), Distance : 399 ft
|
|
Batting: LHB Jason Bell
|
0-0: Called Strike 0-1: Ball 1-1: Reached on error, E3 (Groundball, 34, EV 87.5 MPH)
|
|
Batting: SHB Matt Childers
|
0-0: Ball 1-0: Swinging Strike 1-1: Swinging Strike 1-2: Ball 2-2: Ball 3-2: Reached on error, E3 (Groundball, 3L, EV 106.9 MPH) Jason Bell to second
|
|
Pitching: LHP Miguel Yepez
|
|
|
Batting: LHB Matt Hyde
|
0-0: Fielders Choice at 2nd, 6-4 (Groundball, 6, EV 82.5 MPH)
|
| Top of the 10th over - 2 runs, 1 hit, 2 errors, 2 left on base; Birmingham 4 - Corpus Christi 2 |
| BOTTOM OF THE 10TH |
|
Corpus Christi Hooks batting - Pitching for Birmingham Barons : LHP Amari Miller
|
|
Batting: RHB Dustin Hartman
|
0-0: Called Strike 0-1: Swinging Strike 0-2: Ball 1-2: Strikes out swinging, 2-3 out at first.
|
|
Batting: RHB Dave Gallegos
|
0-0: Called Strike 0-1: Foul Ball, location: 2F 0-2: Foul Ball, location: 2F 0-2: Ball 1-2: Ball 2-2: Ball 3-2: Foul Ball, location: 2F 3-2: Base on Balls
|
|
Pinch Hitting: RHB Jesus Malave
|
0-0: Ball 1-0: SINGLE (Flyball, 3D, EV 95.6 MPH) Dave Gallegos to second
|
|
Batting: RHB Sean Mounts
|
0-0: Ball 1-0: Foul Ball, location: 2F 1-1: Ball 2-1: Foul Ball, location: 2F 2-2: Ground out 4-3 (Groundball, 4M, EV 108.1 MPH) Dave Gallegos to third Jesus Malave to second
|
|
Batting: LHB Bob Dietz
|
0-0: Ball 1-0: Foul Ball, location: 2F 1-1: Foul Ball, location: 2F 1-2: Foul Ball, location: 2F 1-2: Ground out 6-3 (Groundball, 6, EV 83.1 MPH)
|
| Bottom of the 10th over - 0 runs, 1 hit, 0 errors, 2 left on base; Birmingham 4 - Corpus Christi 2 |
|